 Dungeon Crawl Stone Soup version 0.31-a0-161-gb58dd9be76 (webtiles) character file.

Game seed: 10026561294006067467

1197 TrayleKats the Ruffian (level 8, -1/79 HPs)
             Began as a Troll Fighter on June 10, 2023.
             Succumbed to a hornet's poison
             ... while paralysed by a hornet
             ... on level 6 of the Dungeon on June 12, 2023.
             The game lasted 00:07:17 (3870 turns).

TrayleKats the Ruffian (Troll Fighter)              Turns: 3870, Time: 00:07:17

Health: -1/79      AC:  4    Str: 27    XL:     8   Next: 20%
Magic:  7/7        EV:  1    Int:  4    God:
Gold:   285        SH:  0    Dex: 21    Spells: 7/7 levels left

rFire   . .          .
                       - Unarmed
rCold   . . .        b - +0 kite shield
rNeg    . . .        a - +0 robe
rPois   .            (helmet restricted)
rElec   .            (no cloak)
rCorr   .            (gloves unavailable)
SInv    .            (boots unavailable)
Will    .....        m - amulet of the acrobat
Stlth   ++           e - +6 ring of dexterity
HPRegen 1.13/turn    r - +6 ring of dexterity
MPRegen 0.10/turn

%: acrobat
@: paralysed, lethally poisoned (-1 -> -10), slowed
A: large, unfitting armour, claws 3, regeneration 1, shaggy fur 1, tough skin 1
a: no special abilities


You were on level 6 of the Dungeon.
You visited 1 branch of the dungeon, and saw 6 of its levels.

You collected 285 gold pieces.

Inventory:

Missiles
 j - 11 poisoned darts (quivered)
 q - 2 throwing nets
Armour
 a - a +0 robe (worn)
 b - a +0 kite shield (worn)
Jewellery
 e - a +6 ring of dexterity (left claw)
 i - a ring of magical power
 m - an amulet of the acrobat (around neck)
 r - a +6 ring of dexterity (right claw)
 u - a ring of wizardry
Scrolls
 k - 3 scrolls of teleportation
 l - a scroll of enchant weapon {unknown}
 n - a scroll of acquirement {unknown}
 p - 2 scrolls of fear {unknown}
 s - a scroll of fog {unknown}
 t - a scroll of identify
Potions
 c - a potion of might
 d - 2 potions of ambrosia {unknown}
 f - 2 potions of curing
 g - a potion of heal wounds {unknown}
 h - a potion of brilliance {unknown}
 o - 2 potions of resistance
 v - a potion of berserk rage {unknown}


   Skills:
 + Level 4.4 Fighting
 + Level 3.1 Throwing
 - Level 2.4 Dodging
 + Level 4.9 Shields
 * Level 6.7 Unarmed Combat


You had 7 spell levels left.
You didn't know any spells.
Your spell library contained the following spells:

 Spells                   Type           Power      Damage    Failure   Level
 Blink                    Tloc           0%         N/A       86%         2
 Lesser Beckoning         Tloc           0%         N/A       86%         2
 Momentum Strike          Conj/Tloc      0%         3d8       86%         2
 Frozen Ramparts          Ice            0%         1d1       97%         3
 Ice Form                 Ice/Tmut       0%         N/A       100%        4
 Summon Ice Beast         Ice/Summ       0%         N/A       100%        4


Dungeon Overview and Level Annotations

Branches:
Dungeon (6/15)
 Temple: D:4-7

Altars:
Ashenzari
Gozag
Makhleb
Sif Muna
Vehumet
Xom
Zin

Shops:
D:5 *


Innate Abilities, Weirdness & Mutations

You are too large for most types of armour.
You have claws for hands.
Your natural rate of healing is unusually fast.
You are covered in fur. (AC +1)
You have tough skin. (AC +1)


Message History

The hornet stings you.
You feel yourself slow down. The hornet completely misses you.
You miss the hornet.
The hornet is heavily wounded.
You feel yourself speed up. The hornet closely misses you.
The hornet barely misses you.
You barely miss the hornet.
The hornet is heavily wounded.
The hornet stings you!
You feel yourself slow down.
You closely miss the hornet.
The hornet is severely wounded.
The hornet stings you.
You are poisoned.
You feel as though you will be slow longer.
The hornet stings you!
You feel as though you will be slow longer.
The hornet closely misses you.
You scratch the hornet but do no damage.
The hornet is severely wounded.
You feel very sick.
The hornet looks more healthy.
The hornet stings you!
You are more poisoned.
You feel as though you will be slow longer.
The hornet closely misses you.
You are too injured to fight recklessly!
You are too injured to fight recklessly!
You scratch the hornet.
The hornet is severely wounded.
You feel very sick. The hornet stings you.
You are more poisoned.
You suddenly lose the ability to move!
The hornet stings you!
* * * LOW HITPOINT WARNING * * *
You feel as though you will be slow longer.
* * * LOW HITPOINT WARNING * * *
You feel very sick. The hornet stings you!
* * * LOW HITPOINT WARNING * * *
You feel as though you will be slow longer.
You die...

#°# ##.#
#.#......... #°#
#.# #^#........#
#°# #.#
#.#........# #.#
#.# #.#........#
#°#
#.###.#........#
#..##.#........#
##....#....S(..#
###..## #y#
#...####@#
##.>.....#
#########


You could see a hornet and an adder.

Vanquished Creatures
  A black bear (D:5)
  A centaur (D:6)
  An ogre (D:6)
  2 phantoms (D:4)
  A kobold brigand (D:6)
  4 wights
  2 jellies (D:6)
  2 orc priests
  3 iguanas
  4 orc wizards
  4 gnolls (D:4)
  5 adders
  An ufetubus (D:5)
  3 worms (D:2)
  4 dart slugs
  13 orcs
  12 ball pythons
  10 bats
  8 endoplasms
  5 giant cockroaches
  12 goblins
  11 hobgoblins
  A quokka (D:1)
  2 frilled lizards (D:1)
  15 kobolds
  4 rats
131 creatures vanquished.

Notes
Turn   | Place    | Note
-------+----------+-------------------------------------------
     0 | D:1      | TrayleKats the Troll Fighter began the quest for the Orb.
     0 | D:1      | Reached XP level 1. HP: 22/22 MP: 0/0
    29 | D:1      | Found a large runed translucent door.
    29 | D:1      | Found a large runed translucent door.
   154 | D:1      | Reached XP level 2. HP: 29/29 MP: 1/1
   543 | D:1      | Reached XP level 3. HP: 36/36 MP: 2/2
   583 | D:1      | Upgraded the game from 0.31-a0-152-g6aa68a64a1 to
                  | 0.31-a0-161-gb58dd9be76
   855 | D:1      | Reached skill level 3 in Unarmed Combat
  1021 | D:2      | Reached XP level 4. HP: 44/44 MP: 3/3
  1627 | D:3      | Found an opulent altar of Gozag.
  2015 | D:3      | Reached skill level 4 in Unarmed Combat
  2015 | D:3      | Reached XP level 5. HP: 44/53 MP: 4/4
  2027 | D:4      | Noticed a phantom
  2042 | D:4      | Killed a phantom
  2131 | D:4      | Noticed a phantom
  2148 | D:4      | Killed a phantom
  2149 | D:4      | Reached skill level 1 in Throwing
  2149 | D:4      | Reached XP level 6. HP: 59/61 MP: 5/5
  2248 | D:4      | Reached skill level 5 in Unarmed Combat
  2491 | D:4      | Found a shimmering altar of Xom.
  2526 | D:5      | Entered Level 5 of the Dungeon
  2770 | D:5      | Found Fojibb's Lightly-Used Armoury.
  2833 | D:5      | Found a broken altar of Ashenzari.
  2872 | D:5      | Found a glowing silver altar of Zin.
  2874 | D:5      | Found a radiant altar of Vehumet.
  2964 | D:5      | Reached XP level 7. HP: 35/59 MP: 6/6
  3012 | D:5      | Found a shimmering blue altar of Sif Muna.
  3608 | D:6      | Found a burning altar of Makhleb.
  3619 | D:6      | Reached skill level 6 in Unarmed Combat
  3637 | D:6      | Reached XP level 8. HP: 42/78 MP: 7/7
  3856 | D:6      | Noticed a hornet
  3868 | D:6      | Paralysed by a hornet for 3 turns
  3869 | D:6      | HP: 2/79 [hornet (11)]
  3870 | D:6      | Succumbed to a hornet's poison

Illustrated notes

Levels and vault maps discovered:
D:1:      erik_arrival_cave_to_civilisation [erik_arrival_cave_to_temple],
          layout_basic, hex_large
D:2:      layout_rooms, guppyfry_early_lair_pool
D:3:      layout_rooms, mainiacjoe_overflow_24_doors, roderic_malta_cross,
          serial_bayou_ford_a
D:4:      layout_rooms, brannock_xom_greatest_gift
D:5:      wander_river, layout_loops_corners,
          mainiacjoe_overflow_six_doors_small, minitemple, minmay_shop_damaged,
          nicolae_kite_square_tiling_tiny, kennysheep_generic_room_9
D:6:      lemuel_ice_spiral_2, layout_basic, mainiacjoe_overflow_tiny_flanked,
          old_standard_altar, chequers_serial_rivers_marsh

Skill      XL: |  1  2  3  4  5  6  7  8 |
---------------+-------------------------+-----
Shields        | 3 4 |  4.9
Unarmed Combat | 3 4 5 6 |  6.7
Fighting       | 3 4 |  4.4
Throwing       | 1 2 3 |  3.1
Dodging        | |  2.4

Action                     |  1- 3 |  4- 6 |  7- 9 || total
---------------------------+-------+-------+-------++-------
  Melee: Unarmed           |   109 |   173 |    67 ||   349
  Throw: Dart              |       |     5 |     3 ||     8
    Use: Scroll            |       |     5 |       ||     5
         Potion            |       |     1 |       ||     1
   Stab: Sleeping          |     1 |     3 |     2 ||     6
         Distracted        |       |       |     1 ||     1
 Armour: Robe              |    35 |    29 |     8 ||    72
  Dodge: Dodged            |    40 |    43 |    28 ||   111
  Block: Kite shield       |    37 |    64 |    24 ||   125

Table legend: (Time is in decaauts)
 A = Elapsed time spent in this place.
 B = Non-inter-level travel time spent in this place.
 C = Inter-level travel time spent in this place.
 D = Time resting spent in this place.
 E = Time spent auto-exploring this place.
 F = Levels seen in this place.
 G = Mean time per level.
                   A        B        C        D        E       F      G
               +--------+--------+--------+--------+--------+-----+--------+
         Total |   3884 |   3596 |    288 |     84 |   2614 |   6 |  647.3 |
       Dungeon |   3884 |   3596 |    288 |     84 |   2614 |   6 |  647.3 |
               +--------+--------+--------+--------+--------+-----+--------+

Top non-repeatable levels by time:
     D:5: 1014 daAuts
     D:1: 970 daAuts
     D:3: 575 daAuts
     D:4: 514 daAuts
     D:2: 478 daAuts
     D:6: 331 daAuts
